 Dungeon Crawl Stone Soup version 0.30.1-4-g462c640d31 (webtiles) character file.

Game seed: 5295176250895615595

272 Babbit the Cudgeller (level 6, -1/31 (51) HPs)
             Began as a Draconian Reaver on Sept 19, 2023.
             Slain by Edmund
             ... wielding a +0 flail of draining
              (2 damage)
             ... on level 3 of the Dungeon.
             The game lasted 00:17:48 (2428 turns).

Babbit the Cudgeller (Draconian Reaver)             Turns: 2428, Time: 00:17:48

HP:   -1/31 (51)    AC:  8    Str: 16    XL:     6   Next: 2%
MP:   9/9           EV: 12    Int: 14    God:
Gold: 157           SH:  0    Dex:  9    Spells: 8/9 levels left

rFire   . . .        e - +0 whip (vamp)
rCold   . . .        (no shield)
rNeg    . . .        (body armour unavailable)
rPois   .            (helmet restricted)
rElec   .            h - +0 cloak
rCorr   .            n - +0 pair of gloves
SInv    .            (no boots)
Will    .....        (no amulet)
Stlth   +            (no ring)
HPRegen 0.25/turn    (no ring)
MPRegen 0.11/turn

%: no passive effects
@: weak-willed, very heavily drained
A: AC +6, unfitting armour, cold-blooded
a: no special abilities


You were on level 3 of the Dungeon.
You visited 1 branch of the dungeon, and saw 6 of its levels.

You collected 157 gold pieces.

Inventory:

Hand Weapons
 a - a +0 vampiric mace
 e - a +0 vampiric whip (weapon)
Missiles
 b - a throwing net
Armour
 h - a +0 cloak (worn)
 n - a +0 pair of gloves (worn)
Wands
 m - a wand of roots (11)
Scrolls
 c - 2 scrolls of teleportation
 d - a scroll of amnesia {unknown}
 j - a scroll of silence {unknown}
 o - a scroll of poison {unknown}
 p - a scroll of vulnerability
 q - a scroll of fog {unknown}
Potions
 i - a potion of magic
 k - a potion of curing
 l - 2 potions of brilliance
 r - a potion of mutation


   Skills:
 + Level 3.2 Fighting
 + Level 5.1 Maces & Flails
 + Level 2.8 Dodging
 + Level 1.4 Stealth
 + Level 2.1 Spellcasting
 + Level 3.4 Conjurations
 + Level 0.3 Necromancy


You had 8 spell levels left.
You knew the following spells:

 Your Spells              Type           Power      Damage    Failure   Level
a - Kiss of Death         Conj/Necr      24%        2d7       11%         1

Your spell library contained the following spells:

 Spells                   Type           Power      Damage    Failure   Level
 Momentum Strike          Conj/Tloc      12%        3d8       17%         2
 Necrotise                Necr           8%         1d4       21%         1
 Apportation              Tloc           2%         N/A       24%         1
 Summon Small Mammal      Summ           4%         N/A       24%         1
 Dazzling Flash           Conj/Hex       12%        N/A       34%         3
 Hailstorm                Conj/Ice       6%         3d4       34%         3
 Vampiric Draining        Necr           2%         2d6       52%         3
 Volatile Blastmotes      Fire/Tloc      2%         2d10      56%         3
 Iskenderun's Mystic Bla  Conj/Tloc      6%         2d4       75%         4
 Agony                    Necr           2%         N/A       99%         5
 Starburst                Conj/Fire      3%         6d3       100%        6


Dungeon Overview and Level Annotations

Branches:
Dungeon (6/15)
 Temple: D:4-7

Altars:

Annotations:
D:3 Edmund
D:4 Blork the orc


Innate Abilities, Weirdness & Mutations

Your plain brown scales are hard. (AC +6)
You cannot fit into any form of body armour.
You are cold-blooded and may be slowed by cold attacks.


Message History

Edmund is moderately wounded.
Edmund hits you with a +0 flail of draining.
You feel drained.
You hit Edmund but do no damage.
Edmund is moderately wounded.
Edmund hits you with a +0 flail of draining!
You feel drained.
* * * LOW HITPOINT WARNING * * *
Okay, then.
You hit Edmund.
You feel better.
Your tail-slap misses Edmund.
Edmund is heavily wounded.
You hit Edmund.
Edmund is heavily wounded.
Edmund misses you.
You completely miss Edmund.
Edmund is heavily wounded.
Edmund hits you but does no damage.
You feel drained.
You hit Edmund.
You feel better.
Edmund is severely wounded.
Edmund barely misses you.
You barely miss Edmund. Your punch misses Edmund.
Edmund is severely wounded.
Edmund hits you with a +0 flail of draining.
You feel drained.
* * * LOW HITPOINT WARNING * * *
You hit Edmund but do no damage.
Edmund is severely wounded.
Edmund barely misses you.
You hit Edmund.
You feel better.
You tail-slap Edmund.
Edmund is severely wounded.
Edmund hits you with a +0 flail of draining.
* * * LOW HITPOINT WARNING * * *
You feel drained.
* * * LOW HITPOINT WARNING * * *
Okay, then.
Okay, then.
As you read the scroll labelled XARE SUBB, it crumbles to dust.
Magic quickly surges around you.
It was a scroll of vulnerability.
Edmund hits you with a +0 flail of draining.
You die...

.#
#...##...##.......#
.####
########.##.......#
....## #.......####
.....# ##.....##
.##..### #.#####
.##...)#########.#
.###.#........##.##
## #.....####.....#
# #####.......@@.#
#####......#
###....# #....#
#### ###.## ...####
#.# ##....## #.#
####..# #.# ##.##
##.#


You could see Edmund (weak-willed, drained).

Vanquished Creatures
  A phantom (D:3)
  A hound (D:3)
  Terence (D:3)
  An orc wizard (D:3)
  A gnoll (D:3)
  4 adders
  2 dart slugs
  9 orcs
  13 endoplasms
  3 giant cockroaches
  4 goblins
  3 hobgoblins (D:3)
  2 jackals (D:2)
  3 quokkas
  9 ball pythons
  5 bats
  A frilled lizard (D:1)
  2 kobolds (D:2)
  2 rats (D:2)
67 creatures vanquished.

Notes
Turn   | Place    | Note
-------+----------+-------------------------------------------
     0 | D:1      | Babbit the Draconian Reaver began the quest for the Orb.
     0 | D:1      | Reached XP level 1. HP: 17/17 MP: 3/3
    87 | D:1      | Reached XP level 2. HP: 21/24 MP: 5/5
   376 | D:2      | Reached XP level 3. HP: 26/28 MP: 4/6
   977 | D:3      | Reached skill level 4 in Maces & Flails
   977 | D:3      | Reached XP level 4. HP: 20/35 MP: 5/7
  1074 | D:3      | Noticed a phantom
  1113 | D:3      | Killed a phantom
  1114 | D:3      | Reached XP level 5. HP: 19/45 MP: 8/8
  1391 | D:3      | Noticed Terence
  1408 | D:3      | Killed Terence
  1633 | D:3      | Reached skill level 1 in Stealth
  1955 | D:3      | You fall into a shaft and drop 3 floors!
  1985 | D:5      | Entered Level 5 of the Dungeon
  2000 | D:5      | Noticed an ogre
  2006 | D:4      | Noticed Blork the orc
  2093 | D:3      | Reached skill level 5 in Maces & Flails
  2212 | D:3      | Reached XP level 6. HP: 51/51 MP: 9/9
  2394 | D:4      | Noticed Edmund
  2427 | D:3      | HP: 1/31 [Edmund/+0 flail of draining (3)]
  2428 | D:3      | Slain by Edmund

Illustrated notes

Levels and vault maps discovered:
D:1:      dpeg_arrival_pits, layout_rooms, hangedman_abyss_or_decor_lesser_grid
D:2:      layout_rooms, kennysheep_doodads
D:3:      minmay_thinvault, layout_rooms, chequers_serial_rivers_large_a,
          nicolae_underground_beach, uniq_terence
D:4:      layout_loops_ring, uniq_edmund, uniq_blork_the_orc, uniq_menkaure
D:5:      layout_loops_ring, minmay_temple_entry_proselytizer, uniq_grinder
D:6:      layout_basic, kennysheep_mini, serial_corexii_hall,
          corexii_hall_statues_l, chequers_hall_statues_wall_a

Skill      XL: |  1  2  3  4  5 |
---------------+----------------+-----
Maces & Flails | 4 5 |  5.1
Fighting       | 3 |  3.2
Dodging        | 2 |  2.8
Stealth        | 1 |  1.4
Spellcasting   | |  2.1
Conjurations   | |  3.4
Necromancy     | |  0.3

Action                     |  1- 3 |  4- 6 || total
---------------------------+-------+-------++-------
  Melee: Mace              |    69 |       ||    69
         Tailslap          |    10 |    26 ||    36
         Whip              |     5 |   213 ||   218
   Cast: Kiss of Death     |     2 |     2 ||     4
    Use: Scroll            |     6 |     4 ||    10
 Armour: Skin              |    27 |    59 ||    86
  Dodge: Dodged            |    58 |   126 ||   184
